 Dungeon Crawl Stone Soup version 0.27-a0-965-gbf8bb431c4 (webtiles) character file.

Game seed: 2972053831750409362

52 Alarkh the Insei (level 3, 0/40 HPs)
             Began as a Demonspawn Transmuter on Apr 12, 2021.
             Slain by Sigmund
             ... wielding a +0 scythe
              (3 damage)
             ... on level 2 of the Dungeon.
             The game lasted 00:02:35 (1134 turns).

Alarkh the Insei (Demonspawn Transmuter)            Turns: 1134, Time: 00:03:05

Health: 0/40       AC: 21    Str: 10    XL:     3   Next: 60%
Magic:  6/6        EV:  2    Int: 15    God:
Gold:   27         SH:  0    Dex: 13    Spells: 5/6 levels left

rFire    . . .     SeeInvis .     - Unarmed
rCold    . . .     Faith    .   (no shield)
rNeg     + + +     Spirit   .   (armour currently unavailable)
rPois    +         Reflect  .   (helmet currently unavailable)
rElec    .         Harm     .   (cloak currently unavailable)
rCorr    .         Rampage  .   (gloves currently unavailable)
Will     .....     NoTele   +   (boots currently unavailable)
Stlth    +.........             f - amulet of the acrobat
HPRegen  0.13/turn              (no ring)
MPRegen  0.10/turn              (no ring)

@: tree-form (expiring), very slightly contaminated
A: stationary, stasis, torment immunity, boosted hp, (spiny 1), (sharp scales 1)
a: no special abilities


You were on level 2 of the Dungeon.
You were a tree.
You visited 1 branch of the dungeon, and saw 2 of its levels.

You collected 27 gold pieces.

Inventory:

Armour
 a - a +0 robe (melded)
Jewellery
 f - an amulet of the acrobat (around neck)
Scrolls
 r - 5 scrolls of identify


   Skills:
 + Level 1.7 Fighting
 - Level 1.7 Dodging
 * Level 3.3 Unarmed Combat
 + Level 2.4 Spellcasting
 + Level 2.2 Transmutations


You had 5 spell levels left.
You knew the following spells:

 Your Spells              Type           Power      Damage    Failure   Level
a - Beastly Appendage     Tmut           16%        N/A       9%          1

Your spell library contained the following spells:

 Spells                   Type           Power      Damage    Failure   Level
 Wereblood                Tmut           8%         N/A       13%         2
 Magic Dart               Conj           4%         1d3       22%         1
 Blink                    Tloc           N/A        N/A       32%         2
 Call Imp                 Summ           1%         N/A       32%         2
 Slow                     Hex            1%         N/A       32%         2
 Spider Form              Tmut/Pois      2%         N/A       38%         3
 Conjure Flame            Conj/Fire      1%         6-21      54%         3
 Mephitic Cloud           Conj/Pois/Air  1%         N/A       54%         3
 Ice Form                 Ice/Tmut       5%         N/A       80%         4
 Hydra Form               Tmut           4%         N/A       93%         5


Dungeon Overview and Level Annotations

Branches:
Dungeon (2/15)

Altars:

Annotations:
D:2 Sigmund


Innate Abilities, Weirdness & Mutations

You are a tree.
Your roots penetrate the ground, keeping you stationary.
You cannot be teleported.
You are immune to unholy pain and torment.
Your maximum health is greatly increased.
Your equipment is partially melded.
((You are partially covered in sharp spines.))
((You are partially covered in razor-sharp scales. (AC +1, Slay +1)))


Message History

The puff of flame hits you but does no damage.
You smack the hobgoblin!
You kill the hobgoblin!
The ball python hisses angrily.
Sigmund hits you but does no damage. Sigmund hits you but does no damage.
Sigmund barely misses you. Sigmund hits you but does no damage.
Sigmund hits you but does no damage.
The ball python hisses angrily.
You smack the hobgoblin!
You kill the hobgoblin!
Sigmund hits you but does no damage. Sigmund hits you but does no damage.
You flicker for a moment.
Sigmund giggles. "Time to reap what you sow."
Sigmund hits you but does no damage. Sigmund barely misses you.
Sigmund hits you but does no damage. Sigmund hits you but does no damage.
Sigmund hits you from afar with a +0 scythe.
* * * LOW HITPOINT WARNING * * *
You flicker back into view.
Sigmund hits you but does no damage.
Your transformation is almost over.
Sigmund hits you but does no damage.
You smack the ball python!
You kill the ball python!
Sigmund gestures at you while chanting.
The magic dart hits you but does no damage.
You aren't carrying any items that you can evoke.
Okay, then.
Really read the scroll of holy word?
As you read the scroll of holy word, it crumbles to dust.
You speak a Word of immense power!
You are blasted by holy energy!
* * * LOW HITPOINT WARNING * * *
Sigmund breathes a few words.
Sigmund's hands start flickering wildly.
Sigmund hits you from afar with a +0 scythe.
You die...

..........#...##....
#................##....
#....#............†....
..#....#.................
.>#....#.................
.........................
(...........##...........
........$...##........###
......@.♣......(......#
......................#
.........##......#....#
......?..##......#....#
.......####......#....#
....... ########....#
....### ####.# b... .#
###


You could see Sigmund.

Vanquished Creatures
  An adder (D:2)
  A dart slug (D:1)
  4 bats
  2 endoplasms (D:2)
  3 giant cockroaches
  4 hobgoblins
  7 jackals
  5 kobolds
  A quokka (D:2)
  5 ball pythons
  A frilled lizard (D:1)
  A goblin (D:1)
  A rat (D:1)
36 creatures vanquished.

Notes
Turn   | Place    | Note
-------+----------+-------------------------------------------
     0 | D:1      | Alarkh the Demonspawn Transmuter began the quest for the
                  | Orb.
     0 | D:1      | Reached XP level 1. HP: 15/15 MP: 3/3
   331 | D:1      | Gained mutation: You are partially covered in razor-sharp
                  | scales. (AC +1, Slay +1) [demonic ancestry]
   331 | D:1      | Reached XP level 2. HP: 17/21 MP: 5/5
   345 | D:1      | Reached skill level 3 in Unarmed Combat
   952 | D:2      | Gained mutation: You are partially covered in sharp spines.
                  | [demonic ancestry]
   952 | D:2      | Reached XP level 3. HP: 26/26 MP: 4/6
  1080 | D:2      | Noticed Sigmund
  1134 | D:2      | Slain by Sigmund

Illustrated notes

Levels and vault maps discovered:
D:1:      lemuel_arrival_tunnels, layout_basic
D:2:      minmay_door_path, layout_basic, uniq_sigmund

Skill      XL: |  1  2 |
---------------+-------+-----
Unarmed Combat | 3 |  3.3
Transmutations | 2 |  2.2
Fighting       | |  1.7
Dodging        | |  1.7
Spellcasting   | |  2.4

Action                   || total
-------------------------++-------
Melee: Unarmed           ||    91
       Kick              ||    15
       Headbutt          ||     6
       Punch             ||     4
 Cast: Beastly Appendage ||    14
  Use: Scroll            ||     4
       Potion            ||     2
 Stab: Sleeping          ||     2
       Invisible         ||     4
Armor: Robe              ||    24
       Skin              ||    18
Dodge: Dodged            ||    63

Table legend: (Time is in decaauts)
 A = Elapsed time spent in this place.
 B = Non-inter-level travel time spent in this place.
 C = Inter-level travel time spent in this place.
 D = Time resting spent in this place.
 E = Time spent auto-exploring this place.
 F = Levels seen in this place.
 G = Mean time per level.
                   A        B        C        D        E       F      G
               +--------+--------+--------+--------+--------+-----+--------+
         Total |   1128 |   1108 |     20 |      0 |    874 |   2 |  564.0 |
       Dungeon |   1128 |   1108 |     20 |      0 |    874 |   2 |  564.0 |
               +--------+--------+--------+--------+--------+-----+--------+

Top non-repeatable levels by time:
     D:1: 924 daAuts
     D:2: 203 daAuts
